 Dungeon Crawl Stone Soup version 0.21-a0-513-gdcb3f5e (webtiles) character file.

157870 Gerstahl the Warrior (level 17, -9/142 HPs)
             Began as a Demonspawn Gladiator on Dec 1, 2017.
             Was an Initiate of Gozag.
             Mangled by a six-headed hydra (12 damage)
             ... on level 4 of the Swamp.
             The game lasted 01:39:47 (25326 turns).

Gerstahl the Warrior (Demonspawn Gladiator)        Turns: 25326, Time: 01:39:47

Health: -9/142     AC: 19    Str: 24    XL:     17   Next: 13%
Magic:  29/29      EV: 19    Int:  9    God:    Gozag
Gold:   2992       SH:  0    Dex: 27    Spells: 27/33 levels left

rFire    + + +     SeeInvis .   c - +11 long sword "Boyzoef" {flame, rF+ Str+4}
rCold    . . .     Gourm    .   (no shield)
rNeg     . . .     Faith    .   F - +5 ring mail of the Sparrow {rCorr}
rPois    .         Spirit   .   j - +2 helmet
rElec    .         Reflect  .   (no cloak)
rCorr    +         Harm     .   u - +2 pair of gloves
MR       +....                  (boots unavailable)
Stlth    +.........             C - amulet of regeneration
HPRegen  0.73/turn              t - ring "Duash" {EV+5 Slay+3}
MPRegen  0.21/turn              R - ring of Rechiedgh {rF+ Str+2 Dex+2}

@: confused, grasped by roots, gold aura, very slow
A: talons 3, thin skeletal structure 3, fire resistance 1, spiny 2, flame cloud
immunity
a: Potion Petition, Call Merchant, Bribe Branch, Renounce Religion


You were on level 4 of the Swamp.
You worshipped Gozag.
Gozag was most pleased with you.
You were not hungry.

You visited 4 branches of the dungeon, and saw 27 of its levels.
You visited 1 bazaar.
You also visited: Labyrinth and Volcano.

You collected 12035 gold pieces.
You spent 2918 gold pieces at shops.
You paid 6125 gold pieces to Gozag.

Inventory:

Hand Weapons
 a - the +8 scimitar of the Snake Pit {vamp, +Inv MP+9 Dex-4}
   (You bought it in a shop on level 12 of the Dungeon)

   It inflicts no extra harm, but heals its wielder when it wounds a living foe.
   It affects your dexterity (-4).
   It affects your magic capacity (+9).
   It lets you turn invisible.
 c - the +11 long sword "Boyzoef" (weapon) {flame, rF+ Str+4}
   (You bought it in a shop on level 13 of the Dungeon)

   It has been specially enchanted to burn those struck by it, causing extra
   injury to most foes and up to half again as much damage against particularly
   susceptible opponents.
   Big, fiery blades are also staple armaments of hydra-hunters.
   It affects your strength (+4).
   It protects you from fire.
 Q - a +4 vampiric rapier
Armour
 j - a +2 helmet (worn)
 u - a +2 pair of gloves (worn)
 F - the +5 ring mail of the Sparrow (worn) {rCorr}
   (You found it on level 5 of the Dungeon)

   It protects you from acid and corrosion.
Jewellery
 e - an uncursed ring of resist corrosion {unknown}
 t - the ring "Duash" (left hand) {EV+5 Slay+3}
   (You found it on level 12 of the Dungeon)

   [ring of evasion]

   It affects your evasion (+5).
   It affects your accuracy and damage with ranged weapons and melee attacks
   (+3).
 C - an amulet of regeneration (around neck)
 H - an uncursed ring of protection from cold
 R - the ring of Rechiedgh (right hand) {rF+ Str+2 Dex+2}
   (You found it on level 6 of the Lair of Beasts)

   [ring of protection from fire]

   It affects your strength (+2).
   It affects your dexterity (+2).
   It protects you from fire.
Wands
 B - a wand of acid (18)
 I - a wand of flame (5)
Scrolls
 b - 4 scrolls of amnesia
 g - a scroll of acquirement
 i - 21 scrolls of remove curse
 k - 11 scrolls of identify
 p - 9 scrolls of teleportation
 w - 2 scrolls of fear
 y - a scroll of fog
 L - 2 scrolls of enchant weapon
 O - 5 scrolls of enchant armour
 W - a scroll of blinking
 Y - a scroll of magic mapping
Potions
 h - 2 potions of heal wounds
 l - a potion of invisibility {unknown}
 m - 5 potions of flight
 n - a potion of mutation {unknown}
 o - 3 potions of might {unknown}
 q - 2 potions of lignification {unknown}
 r - 3 potions of cancellation
 s - a potion of resistance
 v - 7 potions of brilliance
 x - 2 potions of haste
 z - a potion of magic {unknown}
 G - a potion of ambrosia {unknown}
 K - 3 potions of curing
 M - a potion of experience {unknown}
 T - a potion of berserk rage
 V - a potion of agility {unknown}
Books
 D - a book of Necromancy

   Spells                             Type                      Level
   a - Pain                           Necromancy                   1
   b - Animate Skeleton               Necromancy                   1
   c - Vampiric Draining              Necromancy                   3
   d - Regeneration                   Charms/Necromancy            3
   e - Animate Dead                   Necromancy                   4
   f - Control Undead                 Necromancy                   4
 E - a book of Changes

   Spells                             Type                      Level
   a - Beastly Appendage              Transmutation                1
   b - Sticks to Snakes               Transmutation                2
   c - Spider Form                    Transmutation/Poison         3
   d - Ice Form                       Ice/Transmutation            4
   e - Blade Hands                    Transmutation                5
Comestibles
 d - a royal jelly
 f - 11 bread rations
 A - 4 meat rations
 J - 11 fruits


   Skills:
 + Level 15.2 Fighting
 - Level 13.1(13.6) Short Blades
 + Level 6.0(10.5) Long Blades
 - Level 1.7 Throwing
 + Level 12.0 Armour
 + Level 12.4 Dodging
 + Level 8.9 Spellcasting
 + Level 8.8 Charms


You had 27 spell levels left.
You knew the following spells:

 Your Spells              Type           Power        Failure   Level  Hunger
a - Ozocubu's Armour      Chrm/Ice       ##......     11%         3    ###....
b - Regeneration          Chrm/Necr      ##........   11%         3    ###....


Dungeon Overview and Level Annotations

Branches:
Dungeon (15/15)            Temple (0/1) D:7            Lair (6/6) D:11
  Swamp (4/4) Lair:4       Spider (0/4) Lair:2          Orc (2/2) D:10
    Elf (0/3) Orc:2        Vaults (0/5) D:13         Depths (0/5) D:15
  Slime: Lair:5-6

Altars:
Ashenzari
Cheibriados
Dithmenos
Elyvilon
Gozag
Hepliaklqana
Ru
Sif Muna
Trog
Vehumet
Xom
Yredelemnul
Zin

Shops:
D:10 (   D:12 (!   D:13 (   Orc:2 (?=[   Lair:2 =   Lair:6 (

Annotations:
D:10 Snorg
D:12 1 runed door
Lair:2 exclusion: 2 oklob plants
Lair:5 exclusion: oklob plant


Innate Abilities, Weirdness & Mutations

You have claws for feet.
You have an unnaturally thin skeletal structure. (Dex +6, Stealth++)
Your flesh is heat resistant. (rF+)
You are mostly covered in sharp spines.
You are immune to clouds of flame.


Message History

* * * LOW HITPOINT WARNING * * *
The eight-headed hydra barely misses you.
The eight-headed hydra misses you. The eight-headed hydra bites you.
* * * LOW HITPOINT WARNING * * *
The eight-headed hydra closely misses you.
You see here 27 gold pieces.
Unknown command.
Okay, then.
You chop one of the eight-headed hydra's heads off!
The flame cauterises the wound!
You slash the seven-headed hydra! You burn the seven-headed hydra.
You claw the seven-headed hydra!
The seven-headed hydra is moderately wounded.
The six-headed hydra is struck by your spines.
The six-headed hydra bites you but does no damage.
The six-headed hydra barely misses you.
The six-headed hydra bites you but does no damage. x2
The six-headed hydra closely misses you.
The six-headed hydra bites you!
You die...
Your body crumbles into a pile of gold.

≈.≈.≈♣♣♣..≈♣♣♣♣♣ ≈≈
≈§.§♣♣.♣≈§♣♣.≈.♣ ♣♣ .≈≈
♣♣....≈≈≈.♣.≈≈≈♣♣≈♣ ≈.≈.
.......≈.♣..≈≈≈♣≈♣♣♣.≈≈.
..≈.≈.....≈≈<.≈..≈≈≈≈≈≈.
§"≈..≈≈§≈.≈≈≈...≈≈..≈♣
≈.≈...≈.≈≈≈♣≈..≈≈≈.♣♣
..≈.≈≈.#♣.###..D..♣♣
≈≈.≈≈#♣#♣♣# ♣#♣D@♣♣
..≈.♣# ♣♣≈D♣ ≈≈≈♣ #♣fk♣
§.♣ #fk≈ .≈♣. .≈. ♣ .≈≈
.≈..


You could see 2 shambling mangroves, 2 seven-headed hydras, a six-headed hydra
and 2 swamp drakes.

Vanquished Creatures
  Bai Suzhen (Swamp:3)
  Rupert (D:14)
  Kirke (D:14)
  2 thorn hunters
  A fire giant (D:14)
  A stone giant (Volcano)
  A dire elephant (Lair:6)
  A fire dragon (D:15)
  A minotaur (Lab)
  Josephine (D:11)
  Fannar (D:11)
  Harold (Lair:1)
  18 hydras
  A ghost crab (Swamp:3)
  8 centaur warriors
  A merfolk avatar (Lair:6)
  9 alligators
  2 ogre magi
  18 two-headed ogres
  A death yak (Lair:4)
  Urug (D:11)
  A deep elf knight (D:13)
  2 spriggans (Swamp:3)
  6 skeletal warriors
  2 spriggan druids
  A sea snake (Lair:6)
  2 unseen horrors
  A shambling mangrove (Swamp:2)
  A flayed ghost (D:14)
  4 swamp dragons
  2 deep trolls (Orc:2)
  A wizard (D:15)
  An orc knight (D:15)
  A wolf spider zombie (D:12)
  14 ugly things
  5 deep elf magi
  An orc sorcerer (Orc:2)
  6 cyclopes
  6 manticores
  2 wolf spiders
  5 black mambas
  A guardian serpent (shapeshifter) (D:15)
  14 elephants
  2 black mambas (shapeshifter)
  2 molten gargoyles (Volcano)
  6 gargoyles
  16 spiny frogs
  A naga mage (D:15)
  3 centaur skeletons (D:13)
  2 torpor snails
  2 rime drakes (Lair:6)
  6 komodo dragons
  2 yaktaurs (D:13)
  3 freezing wraiths
  2 efreet
  8 polar bears
  5 meliai (D:14)
  4 jumping spiders (Lair:2)
  10 hornets
  Prince Ribbit (D:6)
  3 tyrant leeches
  14 trolls
  3 bog bodies (Swamp:3)
  4 dream sheep (Lair:2)
  26 slime creatures
  3 meliai zombies
  15 blink frogs
  6 hippogriffs
  A redback (Lair:2)
  The ghost of Syneil the Slicer, an amateur KoAr (D:4)
  6 wyverns
  37 yaks
  4 wraiths
  Sigmund (D:2)
  2 fire elementals (Volcano)
  2 water elementals
  4 shadows
  3 basilisks
  A hog (D:14)
  2 fire bats (Volcano)
  6 hungry ghosts (Lab)
  24 vampire mosquitoes
  Menkaure (D:6)
  A warg (D:15)
  9 insubstantial wisps
  2 soldier ants
  11 water moccasins
  An acid dragon (D:12)
  12 swamp worms
  3 porcupines
  9 swamp drakes
  18 orc warriors
  A hornet zombie (D:13)
  2 ice beasts
  4 sky beasts
  3 necrophages
  3 black bears
  A phantom (D:13)
  An eye of draining (D:13)
  43 wolves
  30 ogres
  22 centaurs
  12 crocodiles
  3 big kobolds
  25 bullfrogs
  A wyvern zombie (D:8)
  2 gnoll sergeants
  4 wyvern skeletons
  An earth elemental (Volcano)
  3 scorpions
  4 killer bees (D:7)
  13 wights
  8 electric eels
  2 howler monkeys (D:12)
  3 centaur zombies
  6 crimson imps
  6 lava snakes
  2 bullfrog zombies
  2 jellies
  9 hounds
  2 quasits
  8 orc priests
  4 bullfrog skeletons
  2 iguanas
  Jessica (D:2)
  13 orc wizards
  13 worker ants
  A hound zombie (D:9)
  2 howler monkey skeletons
  2 worker ant zombies
  11 gnolls
  11 adders
  A shadow imp (D:15)
  An ooze (D:3)
  3 adder skeletons
  2 worms
  A dart slug (D:6)
  6 leopard geckos
  72 orcs
  2 ball pythons
  8 giant cockroaches
  2 gnoll zombies (D:9)
  7 goblins
  7 hobgoblins
  9 jackals
  12 kobolds
  3 quokkas
  4 bats
  A frilled lizard (D:5)
  A jackal skeleton (D:6)
  A leopard gecko skeleton (D:7)
  2 quokka skeletons (D:7)
  6 rats
  2 briar patches (Swamp:2)
900 creatures vanquished.

Vanquished Creatures (others)
  An ogre mage (Orc:2)
  A sky beast (D:15)
  19 fungi
  23 plants
44 creatures vanquished.

Grand Total: 944 creatures vanquished

Notes
Turn   | Place    | Note
-------+----------+-------------------------------------------
     0 | D:1      | Gerstahl the Demonspawn Gladiator began the quest for the Orb.
     0 | D:1      | Reached XP level 1. HP: 16/16 MP: 1/1
   139 | D:1      | Gained mutation: You are partially covered in sharp spines. [demonic ancestry]
   139 | D:1      | Reached XP level 2. HP: 14/23 MP: 2/2
   690 | D:2      | Reached XP level 3. HP: 28/28 MP: 3/3
   724 | D:2      | Noticed Jessica
   729 | D:2      | Killed Jessica
   729 | D:2      | Reached skill level 3 in Fighting
   771 | D:2      | Found a deep blue altar of Sif Muna.
   847 | D:2      | Reached XP level 4. HP: 28/35 MP: 4/4
   877 | D:2      | Found a shimmering altar of Xom.
  1309 | D:2      | Noticed Sigmund
  1323 | D:2      | Killed Sigmund
  1323 | D:2      | Reached skill level 4 in Fighting
  1323 | D:2      | Gained mutation: You have a somewhat thin skeletal structure. (Dex +2, Stealth) [demonic ancestry]
  1323 | D:2      | Reached XP level 5. HP: 27/43 MP: 5/5
  1524 | D:2      | Gained mutation: Your flesh is heat resistant. (rF+) [demonic ancestry]
  1524 | D:2      | Reached XP level 6. HP: 49/49 MP: 6/6
  1540 | D:2      | Found a white marble altar of Elyvilon.
  2114 | D:3      | Reached skill level 5 in Short Blades
  2121 | D:3      | Reached skill level 5 in Fighting
  2425 | D:3      | Found an opulent altar of Gozag.
  2425 | D:3      | Found a sacrificial altar of Ru.
  2435 | D:3      | Found a radiant altar of Vehumet.
  2437 | D:3      | Became a worshipper of Gozag Ym Sagoz the Greedy
  2441 | D:3      | Found a faded altar of an unknown god.
  2442 | D:3      | Found a glowing silver altar of Zin.
  2716 | D:4      | Found a radiant altar of Vehumet.
  2789 | D:4      | Noticed Syneil's ghost (amateur KoAr)
  2806 | D:4      | Killed Syneil's ghost
  2806 | D:4      | Gained mutation: You are mostly covered in sharp spines. [demonic ancestry]
  2806 | D:4      | Reached XP level 7. HP: 57/57 MP: 7/7
  3151 | D:5      | Entered Level 5 of the Dungeon
  3347 | D:5      | Found a bloodstained altar of Trog.
  3373 | D:5      | Reached skill level 6 in Fighting
  3648 | D:5      | Found a hazy altar of Hepliaklqana.
  3891 | D:5      | Got a jewelled ring mail
  3902 | D:5      | Identified the +5 ring mail of the Sparrow {rCorr} (You found it on level 5 of the Dungeon)
  3993 | D:6      | Found a shadowy altar of Dithmenos.
  4054 | D:6      | Found a shadowy altar of Dithmenos.
  4115 | D:6      | Found a snail-covered altar of Cheibriados.
  4140 | D:6      | Gained mutation: You have sharp toenails. [demonic ancestry]
  4140 | D:6      | Reached XP level 8. HP: 62/65 MP: 8/8
  4206 | D:6      | Noticed Menkaure
  4216 | D:6      | Killed Menkaure
  4216 | D:6      | Reached skill level 7 in Fighting
  4902 | D:7      | Reached skill level 8 in Fighting
  5141 | D:7      | Noticed Prince Ribbit
  5175 | D:6      | Killed Prince Ribbit
  5175 | D:6      | Reached XP level 9. HP: 31/75 MP: 9/9
  5552 | D:7      | Reached skill level 9 in Fighting
  5571 | D:7      | Found a staircase to the Ecumenical Temple.
  5614 | D:7      | Reached skill level 1 in Armour
  5945 | D:8      | Noticed a two-headed ogre
  5971 | D:8      | Killed a two-headed ogre
  6291 | D:8      | Noticed a gargoyle
  6339 | D:8      | Killed a gargoyle
  6339 | D:8      | Gained mutation: You have a moderately thin skeletal structure. (Dex +4, Stealth+) [demonic ancestry]
  6339 | D:8      | Reached XP level 10. HP: 14/84 MP: 10/10
  6677 | D:8      | Noticed a two-headed ogre
  6703 | D:8      | Killed a two-headed ogre
  7295 | D:9      | Reached skill level 10 in Fighting
  7321 | D:9      | Reached skill level 5 in Dodging
  7518 | D:9      | Noticed a two-headed ogre
  7669 | D:9      | Found a basalt altar of Yredelemnul.
  7819 | D:9      | Killed a two-headed ogre
  7878 | D:10     | Entered Level 10 of the Dungeon
  7947 | D:10     | Noticed a two-headed ogre
  7964 | D:10     | Bought a +3 vampiric rapier for 290 gold pieces
  7988 | D:10     | Killed a two-headed ogre
  7988 | D:10     | Reached skill level 5 in Armour
  8058 | D:10     | Noticed a two-headed ogre
  8069 | D:10     | Killed a two-headed ogre
  8069 | D:10     | Reached skill level 10 in Short Blades
  8069 | D:10     | Gained mutation: You have razor-sharp toenails. [demonic ancestry]
  8069 | D:10     | Reached XP level 11. HP: 84/92 MP: 11/11
  8091 | D:10     | Noticed Snorg
  8196 | D:10     | Found a staircase to the Orcish Mines.
  8611 | D:11     | Noticed Urug
  8633 | D:11     | HP: 3/92 [Urug/war axe of flaming (2)]
  8789 | D:11     | Killed Urug
  8930 | D:11     | Reached skill level 11 in Fighting
  8940 | D:11     | Noticed a two-headed ogre
  8943 | D:11     | Found a staircase to the Lair.
  9145 | D:11     | Killed a two-headed ogre
  9191 | Lair:1   | Entered Level 1 of the Lair of Beasts
  9497 | Lair:1   | Noticed Harold
  9524 | Lair:1   | Killed Harold
 10001 | Lair:2   | Found a hole to the Spider Nest.
 10088 | Lair:2   | Reached XP level 12. HP: 94/100 MP: 12/12
 10240 | Lair:2   | Bought a +3 ring of slaying for 675 gold pieces
 10367 | Lair:2   | Reached skill level 12 in Fighting
 11482 | Lair:3   | Found a labyrinth entrance.
 11492 | Lab      | Entered a labyrinth
 11863 | Lab      | Noticed a minotaur
 11874 | Lab      | Killed a minotaur
 11877 | Lab      | Identified Isuite's Almanac of the Volcanoes and Self-Knowledge
 11881 | Lab      | Got a sparkling glass ring
 11891 | Lab      | Identified the ring of Disaster {+Inv AC+3} (You found it in a labyrinth)
 11948 | Lair:3   | You fall through a shaft!
 12168 | Lair:3   | Learned a level 3 spell: Ozocubu's Armour
 12172 | Lair:3   | Learned a level 3 spell: Regeneration
 12591 | Lair:3   | Reached XP level 13. HP: 109/109 MP: 13/13
 12723 | Lair:4   | Reached skill level 1 in Spellcasting
 12723 | Lair:4   | Reached skill level 1 in Charms
 12857 | Lair:4   | Found a staircase to the Swamp.
 14359 | Lair:6   | Entered Level 6 of the Lair of Beasts
 14385 | Lair:6   | Reached skill level 13 in Fighting
 14783 | Lair:6   | Bought a glowing short sword for 156 gold pieces
 14874 | Lair:6   | Noticed a dire elephant
 14889 | Lair:6   | Reached skill level 10 in Dodging
 14986 | Lair:6   | Reached XP level 14. HP: 117/118 MP: 19/19
 15526 | Lair:6   | Got a steaming marble ring
 15527 | Lair:6   | Identified the ring of Rechiedgh {rF+ Str+2 Dex+2} (You found it on level 6 of the Lair of Beasts)
 15959 | Orc:1    | Entered Level 1 of the Orcish Mines
 16142 | Orc:2    | Entered Level 2 of the Orcish Mines
 16166 | Orc:2    | Paralysed by an orc sorcerer for 7 turns
 16181 | Orc:2    | Found a staircase to the Elven Halls.
 16252 | Orc:2    | Found a dark tunnel.
 16340 | Volcano  | Entered a volcano
 16574 | Volcano  | Found a bloodstained altar of Trog.
 16671 | Volcano  | Noticed a stone giant
 16699 | Volcano  | Killed a stone giant
 16991 | Orc:2    | Found Peotsasch's Magic Scroll Shoppe.
 17017 | Orc:2    | Reached skill level 10 in Armour
 17059 | Orc:2    | Reached skill level 5 in Spellcasting
 17061 | Orc:2    | Reached skill level 5 in Charms
 17243 | Orc:2    | Found Famunwit's Armour Emporium.
 17245 | Orc:2    | Found Figomias's Antique Weapon Boutique.
 17246 | Orc:2    | Bought a scroll of identify for 22 gold pieces
 17246 | Orc:2    | Bought a scroll of identify for 22 gold pieces
 17246 | Orc:2    | Bought a scroll of identify for 22 gold pieces
 17246 | Orc:2    | Bought a scroll of enchant armour for 82 gold pieces
 17256 | Orc:2    | Found Zoipn's Jewellery Shoppe.
 18151 | D:11     | Noticed Fannar
 18164 | D:11     | Noticed Josephine
 18182 | D:11     | Killed Fannar
 18194 | D:11     | Killed Josephine
 18517 | D:12     | Gained mutation: You have claws for feet. [demonic ancestry]
 18517 | D:12     | Reached XP level 15. HP: 125/125 MP: 23/23
 18532 | D:12     | Got a brightly glowing glass ring
 18632 | D:12     | Identified the ring "Duash" {EV+5 Slay+3} (You found it on level 12 of the Dungeon)
 18835 | D:12     | Reached skill level 14 in Fighting
 18901 | D:12     | Bought the +8 scimitar of the Snake Pit {vamp, +Inv MP+9 Dex-4} for 1147 gold pieces
 18928 | D:12     | Found a runed door.
 19033 | D:12     | Reached skill level 1 in Long Blades
 19530 | D:12     | Found Qohorchehie's Distillery.
 19535 | D:12     | Bought a potion of heal wounds for 75 gold pieces
 19535 | D:12     | Bought a potion of berserk rage for 75 gold pieces
 20357 | D:13     | Found a gate to the Vaults.
 20500 | D:14     | Noticed Rupert
 20779 | D:14     | Noticed a fire giant
 20795 | D:14     | Killed a fire giant
 20800 | D:14     | Gained mutation: You have an unnaturally thin skeletal structure. (Dex +6, Stealth++) [demonic ancestry]
 20800 | D:14     | Reached XP level 16. HP: 80/134 MP: 27/27
 21043 | D:14     | Noticed Kirke
 21051 | D:14     | Killed Kirke
 21218 | D:14     | Paralysed by Rupert for 3 turns
 21269 | D:14     | Killed Rupert
 21485 | D:15     | Entered Level 15 of the Dungeon
 21796 | D:15     | Found a flickering gateway to a bazaar.
 21851 | Bazaar   | Entered a bazaar
 21851 | Bazaar   | Found Kulale's Magic Scroll Shoppe.
 21851 | Bazaar   | Found Raubb's Antique Weapon Shoppe.
 21852 | Bazaar   | Found Goobap's Antique Weapon Emporium.
 21852 | Bazaar   | Found Xyefec's Weapon Emporium.
 21860 | Bazaar   | Bought a scroll of identify for 24 gold pieces
 21860 | Bazaar   | Bought a scroll of identify for 24 gold pieces
 21860 | Bazaar   | Bought a scroll of identify for 24 gold pieces
 21879 | D:15     | Identified 2 scrolls of acquirement
 21880 | D:15     | Got a transparent short sword
 21881 | D:15     | Identified the +4 short sword of the Middle {freeze, rF+ rN+ Stlth+} (You acquired it on level 15 of the Dungeon)
 22094 | D:15     | Got a transparent rapier
 22095 | D:15     | Identified the cursed +0 rapier of Checks and Balances {drain, rC++} (You found it on level 15 of the Dungeon)
 22326 | D:15     | Found a staircase to the Depths.
 22606 | D:13     | Bought a steaming long sword for 280 gold pieces
 22606 | D:13     | Identified the +11 long sword "Boyzoef" {flame, rF+ Str+4} (You bought it in a shop on level 13 of the Dungeon)
 22744 | Swamp:1  | Entered Level 1 of the Swamp
 23126 | Swamp:1  | Reached skill level 5 in Long Blades
 23704 | Swamp:2  | Noticed a thorn hunter
 23715 | Swamp:2  | Killed a thorn hunter
 23831 | Swamp:2  | Reached skill level 15 in Fighting
 23906 | Swamp:2  | Paralysed by a hornet for 2 turns
 24790 | Swamp:3  | Noticed Bai Suzhen
 24790 | Swamp:3  | Noticed a thorn hunter
 24800 | Swamp:3  | Killed a thorn hunter
 24811 | Swamp:3  | Killed Bai Suzhen
 24811 | Swamp:3  | Gained mutation: You are immune to clouds of flame. [demonic ancestry]
 24811 | Swamp:3  | Reached XP level 17. HP: 79/142 MP: 29/29
 24965 | Swamp:3  | Found a shattered altar of Ashenzari.
 25280 | Swamp:4  | Entered Level 4 of the Swamp
 25325 | Swamp:4  | HP: 6/142 [eight-headed hydra (3)]
 25326 | Swamp:4  | Mangled by a six-headed hydra

Vault maps used:
D:1:      sevenhm_arrival_forest_fort_small_4
D:2:      led_sif_pool, marbit_many_paths, nicolae_overflow_crystal_walls,
          uniq_crazy_yiuf_cottage, uniq_sigmund, uniq_jessica
D:3:      chequers_temple_overflow_minitemple, kennysheep_cluttered_room
D:4:      first_bread, vehumet_altar_wand_db
D:5:      kennysheep_mini, trog_hazing_becter
D:6:      black_bear_nest_1, overflow_temple_1_default, kennysheep_slug_shrine,
          nicolae_dithmenos_through_a_glass_darkly, uniq_menkaure
D:7:      minmay_temple_entry_glassed_door, uniq_prince_ribbit1
D:9:      lemuel_zombie_altar_yredelemnul, blue_anna_alchemist
D:10:     hiddenorc2_lemuel, columned_hall_lemuel, kennysheep_dice, uniq_snorg
D:11:     david_lair_shrubbed, minivault_11, corexii_leaking_fountain,
          uniq_urug, uniq_fannar, uniq_josephine
D:12:     minmay_the_grid_square_5x5_5x5, serial_shops, kennysheep_little_box
D:13:     hangedman_vaults_entry_quadrant_bands
D:14:     kennysheep_water_balloons, serial_park_tiny_2, uniq_rupert, uniq_kirke
D:15:     hangedman_depths_entry_try_elsewhere_first, serial_park_tiny_2,
          serial_shops, bzr_entry_road
Lair:1:   nicolae_lair_grove_arrangements, beast_lair_carwin_7, uniq_harold
Lair:2:   nicolae_spider_entry_tight_spaces, grunt_forest_large_clearings,
          serial_bayou_shore_a, minmay_lair_oklob_chamber
Lair:3:   lab_entry_generic, fungi_pond_lemuel, minivault_23,
          lemuel_fruit_fields
Lair:4:   minmay_swamp_entry_eels, hangedman_lair_generics_rect
Lair:5:   minmay_slime_entry_oklob_enclosed
Lair:6:   gammafunk_lair_ancient_temple
Swamp:1:  evilmike_swamp_ruin_house_6, swamp_pool5, nicolae_swamp_triple_paths
Swamp:2:  hangedman_swamp_ruin_wall, swamp_pool2
Swamp:3:  basic_altar, infiniplex_staircase_pool_2, uniq_bai_suzhen
Swamp:4:  swamp_alternative, uniq_louise, uniq_nikola
Orc:1:    serial_shops, shop_fountains
Orc:2:    st_orc_open, nicolae_volcano_entry_two_sided
Lab:      nicolae_lab_dead_adventurers, lab_statue, labyrinth_skeletal_remains,
          nicolae_lab_swirl, nicolae_lab_grate, nicolae_lab_very_dead_end,
          nicolae_lab_big_swirl, nicolae_lab_t_cross, nicolae_lab_quarters,
          lab_block
Bazaar:   bazaar_jpeg_oval
Volcano:  volcano_lake

Skill      XL: |  1  2  3  4  5  6  7  8  9 10 11 12 13 14 15 16 17 |
---------------+----------------------------------------------------+-----
Short Blades   | 3 4 5 6 8 9 10 11 12 13 | 13.1
Fighting       | 3 4 5 6 8 9 10 11 12 13 14 15 | 15.2
Armour         | 3 5 7 8 9 10 11 12 | 12.0
Dodging        | 4 6 7 9 10 11 12 | 12.4
Spellcasting   | 3 5 7 8 |  8.9
Charms         | 3 5 7 8 |  8.8
Long Blades    | 3 5 6 |  6.0
Throwing       | |  1.7

Action                   |  1- 3 |  4- 6 |  7- 9 | 10-12 | 13-15 | 16-18 || total
-------------------------+-------+-------+-------+-------+-------+-------++-------
Melee: Rapier            |    40 |   130 |   291 |   815 |  1449 |       ||  2725
       Kick              |       |       |       |       |   289 |   292 ||   581
       Scimitar          |       |       |       |       |   260 |   169 ||   429
       Long sword        |       |       |       |       |       |   243 ||   243
Throw: Throwing net      |     1 |     1 |     5 |     1 |       |       ||     8
Invok: Call Merchant     |       |       |       |     2 |     2 |     1 ||     5
       Potion Petition   |       |       |       |     1 |     3 |     1 ||     5
Evoke: Wand              |       |       |       |     2 |     3 |       ||     5
  Use: Potion            |       |       |     4 |     7 |     1 |     5 ||    17
       Scroll            |       |       |     3 |    16 |    10 |     9 ||    38
 Stab: Held in net/web   |       |     2 |       |     1 |       |       ||     3
       Sleeping          |       |     4 |     3 |    10 |     7 |     4 ||    28
       Distracted        |       |       |     3 |    10 |    18 |     5 ||    36
       Invisible         |       |       |       |       |       |    10 ||    10
  Eat: Royal jelly       |       |     2 |       |     5 |     1 |       ||     8
       Chunk             |       |     1 |       |       |       |       ||     1
       Fruit             |       |       |     6 |    11 |    30 |     1 ||    48
       Meat ration       |       |       |     2 |     1 |     4 |     4 ||    11
Armor: Leather armour    |    13 |    32 |    26 |       |       |       ||    71
       Ring mail         |       |       |    97 |   202 |   397 |   119 ||   815
Dodge: Dodged            |    21 |    73 |   149 |   434 |  1605 |   532 ||  2814
       Rpst.: Scimitar   |       |       |       |       |    58 |    32 ||    90
       Long sword        |       |       |       |       |       |    67 ||    67

Table legend:
 A = Spawn XP
 B = Non-spawn XP
 C = Spawn XP percentage of total XP
 D = Spawn monster count
 E = Non-spawn monster count
 F = Spawn count percentage of total count
 G = Total turns spent on level
                    A         B        C        D         E        F      G
               +---------+---------+-------+---------+---------+-------+---------
         Total |       0 |  225529 |   0.0 |       0 |     900 |   0.0 | 25326
               +---------+---------+-------+---------+---------+-------+---------
           D:1 |       0 |      39 |   0.0 |       0 |       9 |   0.0 |   689
           D:2 |       0 |     348 |   0.0 |       0 |      23 |   0.0 |  1140
           D:3 |       0 |     171 |   0.0 |       0 |      32 |   0.0 |   830
           D:4 |       0 |     336 |   0.0 |       0 |      16 |   0.0 |   492
           D:5 |       0 |     183 |   0.0 |       0 |      14 |   0.0 |   756
           D:6 |       0 |    1138 |   0.0 |       0 |      17 |   0.0 |  1104
           D:7 |       0 |    1578 |   0.0 |       0 |      28 |   0.0 |   890
           D:8 |       0 |    2869 |   0.0 |       0 |      12 |   0.0 |  1269
           D:9 |       0 |    2317 |   0.0 |       0 |      22 |   0.0 |   708
          D:10 |       0 |    3592 |   0.0 |       0 |      47 |   0.0 |  1141
          D:11 |       0 |    8888 |   0.0 |       0 |      41 |   0.0 |   971
          D:12 |       0 |   25337 |   0.0 |       0 |      85 |   0.0 |  1335
          D:13 |       0 |   17732 |   0.0 |       0 |      60 |   0.0 |   703
          D:14 |       0 |   21631 |   0.0 |       0 |      55 |   0.0 |  1087
          D:15 |       0 |   16718 |   0.0 |       0 |      48 |   0.0 |  1057
        Lair:1 |       0 |    5125 |   0.0 |       0 |      23 |   0.0 |   889
        Lair:2 |       0 |    9504 |   0.0 |       0 |      58 |   0.0 |  1327
        Lair:3 |       0 |    4015 |   0.0 |       0 |      15 |   0.0 |   916
        Lair:4 |       0 |    9873 |   0.0 |       0 |      36 |   0.0 |   966
        Lair:5 |       0 |    3414 |   0.0 |       0 |      13 |   0.0 |   860
        Lair:6 |       0 |   21797 |   0.0 |       0 |      51 |   0.0 |  1457
       Swamp:1 |       0 |    7595 |   0.0 |       0 |      32 |   0.0 |   757
       Swamp:2 |       0 |   14801 |   0.0 |       0 |      22 |   0.0 |  1005
       Swamp:3 |       0 |   19338 |   0.0 |       0 |      36 |   0.0 |   774
       Swamp:4 |       0 |    2907 |   0.0 |       0 |       7 |   0.0 |    46
         Orc:1 |       0 |     637 |   0.0 |       0 |      11 |   0.0 |   192
         Orc:2 |       0 |   16676 |   0.0 |       0 |      65 |   0.0 |  1005
           Lab |       0 |    2908 |   0.0 |       0 |       8 |   0.0 |   413
       Volcano |       0 |    4062 |   0.0 |       0 |      14 |   0.0 |   521
               +---------+---------+-------+---------+---------+-------+---------
